AoeStats
← DS_StonePleaseAoE

Arabia

507372218Analyzed
1v1 RM · 2mo ago on Sep 17, 2026· 39m 38s· 2 players
Game mode
Random Map
Map size
Tiny (2 player)
Population
200
Speed
Normal
Resources
Standard
Victory
Conquest
Starting age
Dark Age
Ending age
Imperial Age
RankedLock teamsTeams togetherTeam positionsShared explorationLock speedFull tech treeHidden civsTurbo modeCheats
Victory
Defeat
🇩🇪 Shu · Germany
2674
+11
vs
🇧🇷 Saracens · Brazil
2568
-11
Gabi
3:23 Loom
11:47 Feudal Age
12:25 Double-Bit Axe
19:01 Padded Archer Armor
19:22 Fletching
24:37 Castle Age
24:34 Bloodlines
25:17 Bodkin Arrow
24:43 Elite Skirmisher
26:45 Ballistics
26:27 Town Watch
29:07 Scale Barding Armor
35:10 Husbandry
38:51 Wheelbarrow
DS_StonePleaseAoE
8:13 Loom
10:42 Feudal Age
11:06 Man-at-Arms
11:37 Double-Bit Axe
14:41 Fletching
15:57 Arson
16:33 Scale Mail Armor
23:04 Castle Age
22:00 Gold Mining
21:58 Horse Collar
22:54 Padded Archer Armor
23:42 Bodkin Arrow
23:21 Crossbowman
26:32 Bow Saw
27:42 Scale Barding Armor
27:02 Elite Skirmisher
28:34 Town Watch
31:43 Ballistics
32:25 Wheelbarrow
36:03 Thumb Ring
39:28 Imperial Age
38:27 Gold Shaft Mining
37:53 Heavy Plow
37:47 Stone Mining
38:35 Guard Tower
40:17 Bracer
Connection lost

Rejoining the realm…

Still unreachable

The connection could not be restored.

Session expired

The server has moved on; the page needs a fresh start.